 Dungeon Crawl Stone Soup version 0.32-a0-534-ga61f84b8bd (webtiles) character file.

Game seed: 3901210445279671195

667 TheViccler the Ruffian (level 7, 68/68 HPs)
             Began as a Troll Fighter on Feb 27, 2024.
             Got out of the dungeon alive.
             The game lasted 00:06:03 (2869 turns).

TheViccler the Ruffian (Troll Fighter)              Turns: 2869, Time: 00:06:03

Health: 68/68      AC:  4    Str: 25    XL:     7   Next: 31%
Magic:  6/6        EV:  9    Int:  4    God:
Gold:   186        SH:  8    Dex: 11    Spells: 6/6 levels left

rFire   . .          .
                       - Unarmed
rCold   . . .        b - +0 kite shield
rNeg    . . .        a - +0 robe
rPois   .            (helmet restricted)
rElec   .            (no cloak)
rCorr   .            (gloves unavailable)
SInv    .            (boots unavailable)
Will    +....        m - amulet of regeneration
Stlth   +            o - ring of willpower
HPRegen 1.91/turn    (no ring)
MPRegen 0.10/turn

%: no passive effects
@: no status effects
A: large, unfitting armour, claws 3, regeneration 1, shaggy fur 1, tough skin 1
a: no special abilities


You escaped.
You visited 1 branch of the dungeon, and saw 5 of its levels.

You collected 186 gold pieces.

Inventory:

Armour
 a - a +0 robe (worn)
 b - a +0 kite shield (worn)
Jewellery
 m - an amulet of regeneration (around neck)
 o - a ring of willpower (left claw)
 r - a ring of willpower
Scrolls
 d - a scroll of teleportation {unknown}
 e - a scroll of poison {unknown}
 f - 4 scrolls of enchant weapon {unknown}
 g - a scroll of vulnerability {unknown}
 h - 2 scrolls of enchant armour {unknown}
 j - a scroll of immolation {unknown}
 k - a scroll of blinking {unknown}
Potions
 c - 3 potions of might
 i - a potion of attraction
 l - 2 potions of degeneration
 n - a potion of heal wounds
 p - a potion of berserk rage {unknown}
 q - a potion of enlightenment {unknown}
 s - a potion of brilliance {unknown}


   Skills:
 + Level 3.8 Fighting
 + Level 3.8 Dodging
 + Level 4.2 Shields
 * Level 5.4 Unarmed Combat


You had 6 spell levels left.
You didn't know any spells.
Your spell library contained the following spells:

 Spells                   Type           Power      Damage    Failure   Level
 Frozen Ramparts          Ice            0%         1d1       98%         3
 Leda's Liquefaction      Alch/Erth      0%         N/A       100%        4
 Petrify                  Alch/Erth      0%         N/A       100%        4
 Metabolic Englaciation   Hex/Ice        0%         N/A       100%        5


Dungeon Overview and Level Annotations

Branches:
Dungeon (5/15)
 Temple: D:4-7

Altars:
Ashenzari
Cheibriados


Innate Abilities, Weirdness & Mutations

You are too large for most types of armour.
You have claws for hands.
Your natural rate of healing is unusually fast.
You are covered in fur. (AC +1)
You have tough skin. (AC +1)


Message History

Found a stone staircase leading up.
Unknown command.
No reachable target in view!
A dart slug is nearby!
Unknown command.
No reachable target in view!
A dart slug is nearby!
Unknown command.
No reachable target in view!
A dart slug is nearby!
Unknown command.
No reachable target in view!
A dart slug is nearby!
Unknown command.
No reachable target in view!
Welcome back, TheViccler the Troll Fighter.
Press ? for a list of commands and other information.
Found a snail-covered altar of Cheibriados.
The dart slug launches a dart at you. The slug dart hits you.
The dart slug launches a dart at you. The slug dart hits you.
There is a stone staircase leading up here.
You climb upwards.
There is a stone staircase leading down here.
What level of the Dungeon? (default 1, ? - help)
You see here 5 large rocks.
There is a stone staircase leading up here.
You climb upwards.
There is a stone staircase leading down here.
There is a stone staircase leading up here.
You climb upwards.
There is a stone staircase leading down here.
There is a stone staircase leading up here.
You climb upwards.
There is a stone staircase leading down here.
There is an open door here.
There is an open door here.
There is a staircase leading out of the dungeon here.
You have escaped!

#.....#..'...'..#...# #.#
##.#...#.P#...#..#...# #.#####
....#.#####...####...###.....#
......##..#...#..#...#.......#
....####..'...'..#...#.####..#
##.#####..#.#.#P.#...#.##....#
##.....####.#.####...#.##.#.##
########PP#...#.≈#####......#
# ####..'...'.@# ####.### #
#..#..#...#..# #.# #
#..####...#### #.# #
#..#..#...#..########)#
#####..#(.'...'..#........#
.......#..#...#..##########
#####.######'##### # #.# ###.#
# #.# ##...#


There were no monsters in sight!

Vanquished Creatures
  An ice beast (D:5)
  A centaur (D:5)
  A phantom (D:4)
  A scorpion (D:4)
  3 bombardier beetles
  A jelly (D:4)
  A hound (D:4)
  A sleepcap (D:5)
  An iguana (D:3)
  Robin (D:3)
  3 gnolls (D:4)
  4 adders
  2 ufetubi (D:5)
  4 dart slugs
  3 ribbon worms
  2 orcs
  5 endoplasms
  3 giant cockroaches
  10 goblins
  6 hobgoblins
  2 quokkas
  3 ball pythons
  4 bats
  2 frilled lizards (D:2)
  3 kobolds
  5 rats
73 creatures vanquished.

Notes
Turn   | Place    | Note
-------+----------+-------------------------------------------
     0 | D:1      | TheViccler the Troll Fighter began the quest for the Orb.
     0 | D:1      | Reached XP level 1. HP: 22/22 MP: 0/0
   207 | D:1      | Reached XP level 2. HP: 29/29 MP: 1/1
   996 | D:2      | Reached XP level 3. HP: 36/36 MP: 2/2
  1489 | D:3      | Found a broken altar of Ashenzari.
  1542 | D:3      | Reached skill level 3 in Unarmed Combat
  1655 | D:3      | Noticed Robin
  1665 | D:3      | Reached XP level 4. HP: 39/44 MP: 3/3
  1669 | D:3      | Killed Robin
  2007 | D:3      | Reached XP level 5. HP: 53/53 MP: 4/4
  2250 | D:4      | Reached skill level 4 in Unarmed Combat
  2485 | D:4      | Noticed a phantom
  2498 | D:4      | Killed a phantom
  2499 | D:4      | Reached XP level 6. HP: 61/61 MP: 5/5
  2724 | D:5      | Entered Level 5 of the Dungeon
  2727 | D:5      | Noticed an ice beast
  2737 | D:5      | Killed an ice beast
  2738 | D:5      | Reached skill level 5 in Unarmed Combat
  2738 | D:5      | Reached XP level 7. HP: 48/68 MP: 6/6
  2787 | D:5      | Upgraded the game from 0.32-a0-516-g94ed278cf8 to
                  | 0.32-a0-534-ga61f84b8bd
  2789 | D:5      | Found a snail-covered altar of Cheibriados.
  2869 | D:$      | Got out of the dungeon alive.

Illustrated notes

Levels and vault maps discovered:
D:1:      dpeg_arrival_prison, layout_loops_cross
D:2:      layout_basic, nicolae_wormholes
D:3:      layout_loops_cross, lemuel_doored_altar, minmay_unequal, uniq_robin
D:4:      layout_cave_pools, serial_forest, infiniplex_forest_clump_long,
          infiniplex_forest_pool, infiniplex_forest_straight_3,
          infiniplex_forest_zigzag_1, infiniplex_forest_clump_double,
          infiniplex_forest_clump_large, infiniplex_forest_lined_room_2
D:5:      layout_rooms, kennysheep_slug_shrine, minmay_temple_entry_wispy

Skill      XL: |  1  2  3  4  5  6 |
---------------+-------------------+-----
Shields        | 3 4 |  4.2
Unarmed Combat | 3 4 5 |  5.4
Dodging        | 3 |  3.8
Fighting       | 3 |  3.8

Action                     |  1- 3 |  4- 6 |  7- 9 || total
---------------------------+-------+-------+-------++-------
  Melee: Unarmed           |    71 |   110 |    10 ||   191
    Use: Scroll            |     1 |     3 |       ||     4
   Stab: Sleeping          |     1 |     2 |       ||     3
 Armour: Robe              |    34 |    51 |     6 ||    91
  Dodge: Dodged            |    26 |    35 |     3 ||    64
         Repelled          |     2 |     1 |       ||     3
  Block: Kite shield       |    28 |    53 |     9 ||    90

Table legend: (Time is in decaauts)
 A = Elapsed time spent in this place.
 B = Non-inter-level travel time spent in this place.
 C = Inter-level travel time spent in this place.
 D = Time resting spent in this place.
 E = Time spent auto-exploring this place.
 F = Levels seen in this place.
 G = Mean time per level.
                   A        B        C        D        E       F      G
               +--------+--------+--------+--------+--------+-----+--------+
         Total |   2879 |   2692 |    187 |      0 |   2195 |   5 |  575.8 |
       Dungeon |   2879 |   2692 |    187 |      0 |   2195 |   5 |  575.8 |
               +--------+--------+--------+--------+--------+-----+--------+

Top non-repeatable levels by time:
     D:3: 770 daAuts
     D:1: 747 daAuts
     D:2: 706 daAuts
     D:4: 583 daAuts
     D:5: 71 daAuts
